 Dungeon Crawl Stone Soup version 0.19-a0-611-gb5a7e8d (webtiles) character file.

77851 shmeve the Severer (level 15, -11/143 HPs)
             Began as a Minotaur Berserker on June 13, 2016.
             Was the Champion of Trog.
             Killed from afar by a starcursed mass (20 damage)
             ... with an accursed screaming
             ... on level 2 of the Abyss.
             The game lasted 00:56:42 (22025 turns).

shmeve the Severer (Minotaur Berserker)            Turns: 22025, Time: 00:56:43

Health: -11/143    AC: 33    Str: 27      XL:     15   Next: 16%
Magic:  14/14      EV: 12    Int:  0 (4)  God:    Trog [******]
Gold:   1678       SH: 18    Dex: 16      Spells: 0 memorised, 14 levels left

rFire  . . .     SeeInvis .     a - +2 hand axe (vamp)
rCold  . . .     Gourm    .     d - +6 crystal plate armour of Sif Muna's Favour {+Blink Dex+2 Stlth-}
rNeg   . . .     Faith    .     B - +0 shield
rPois  .         Spirit   .     (helmet restricted)
rElec  .         Dismiss  .     m - +0 cloak
rCorr  .         Reflect  +     n - +1 pair of gloves {Dex+3}
SustAt .         Harm     .     j - +1 pair of boots
MR     +....                    M - +3 amulet of reflection
Stlth  ..........               (no ring)
                                S - +4 ring of evasion

@: slowed, lost intelligence, constricted, very slow, somewhat resistant to
hostile enchantments, extremely unstealthy
A: retaliatory headbutt, horns 2
a: Berserk, Trog's Hand, Brothers in Arms, Burn Spellbooks, Renounce Religion,
Evoke Blink


You were on level 2 of the Abyss.
You worshipped Trog.
Trog was exalted by your worship.
You were not hungry.

You visited 4 branches of the dungeon, and saw 21 of its levels.
You visited the Abyss 2 times.
You also visited: Sewer.

You collected 2253 gold pieces.
You spent 575 gold pieces at shops.

Inventory:

Hand Weapons
 a - a +2 vampiric hand axe (weapon)
Armour
 d - the +6 crystal plate armour of Sif Muna's Favour (worn) {+Blink Dex+2 Stlth-}
   (You acquired it on level 11 of the Dungeon)

   It affects your dexterity (+2).
   It lets you blink.
   It makes you less stealthy.
 j - a +1 pair of boots (worn)
 m - a +0 cloak (worn)
 n - a +1 pair of gloves of dexterity (worn)
 B - a +0 shield (worn)
Jewellery
 M - a +3 amulet of reflection (around neck)
 S - a +4 ring of evasion (left hand)
Wands
 k - a wand of acid (7/15)
 z - a wand of hasting (2/9)
 X - a wand of teleportation (5/9)
Scrolls
 b - 2 scrolls of magic mapping
 e - 9 scrolls of remove curse
 o - 5 scrolls of teleportation
 s - a scroll of holy word
 u - 2 scrolls of fear
 x - 3 scrolls of blinking
 A - 2 scrolls of enchant armour
 E - 2 scrolls of fog
 F - 20 scrolls of identify
Potions
 f - 4 potions of cure mutation {unknown}
 g - a potion of invisibility {unknown}
 i - a potion of beneficial mutation {unknown}
 q - 3 potions of ambrosia {unknown}
 r - 3 potions of agility
 t - 2 potions of brilliance {unknown}
 v - 3 potions of lignification {unknown}
 w - 3 potions of flight {unknown}
 C - 11 potions of curing
 D - 7 potions of might {unknown}
 O - a potion of mutation {unknown}
 Q - a potion of cancellation {unknown}
 R - a potion of heal wounds
 U - 2 potions of berserk rage {unknown}
Comestibles
 c - 10 bread rations
 h - 12 meat rations
 l - 13 beef jerkies
 I - 8 slices of pizza


   Skills:
 * Level 15.8 Fighting
 * Level 16.2 Axes
   Level 1.0 Crossbows
 + Level 11.4 Armour
 + Level 10.3 Dodging
 * Level 16.0 Shields


You had 14 spell levels left.
You didn't know any spells.

Dungeon Overview and Level Annotations

Branches:
Dungeon (12/15)            Temple (0/1) D:5            Lair (6/6) D:9
 Shoals (0/4) Lair:4       Spider (0/4) Lair:2        Slime (0/5) Lair:5
    Orc (2/2) D:12            Elf (1/3) Orc:2

Altars:
Ashenzari
Cheibriados
Hepliaklqana
Makhleb
Nemelex Xobeh
Pakellas
Qazlal
Ru
Sif Muna
Trog
Uskayaw
Vehumet
Xom
Yredelemnul
Zin
The Shining One
Beogh

Shops:
D:5 *   D:8 (   Orc:2 :*([!


Innate Abilities, Weirdness & Mutations

You reflexively headbutt those who attack you in melee.
You have a pair of horns on your head.


Message History

You block the tentacled starspawn's attack. x2
You feel much better. Something hits you but does no damage.
You block something's attack.
The starspawn tentacle closely misses you.
You block the starspawn tentacle's attack.
Something hits you but does no damage.
A starcursed mass splits.
You block the tentacled starspawn's attack. x2
The starspawn tentacle closely misses you.
You furiously retaliate!
You headbutt the starspawn tentacle. The starspawn tentacle grabs you.
The starspawn tentacle constricts you.
A starcursed mass splits. x2
A water elemental comes into view.
You're too hungry to go berserk.
Unknown command.
Eat which item? (? for menu, Esc to quit)
Something hits you but does no damage. x2; The tentacled starspawn bites you!!
* * * LOW HITPOINT WARNING * * *
The tentacled starspawn engulfs you but does no damage.
A cacophony of accursed wailing tears at your sanity!
You die...

#..#..8.#..._ . _ .
###......#._... ._ .
. #
.......8.#..._....._
..# #......'._ .._ _
. ...###.XX8.# ..
... #...XXXXX#._.)._
_ _ #..xXXX8.#...
.... . ##.5XXw######
##### #.3Xw@.....♣
#...##X...##E.# ##
.#....#.# ..#
##..##..# .3. ...#
## #.# .##.# .. .
### §


You could see 13 starcursed masses, a tentacled starspawn, a water elemental, a
neqoxec, a small abomination, 2 starspawn tentacles and a crimson imp.

Vanquished Creatures
  A profane servitor (Abyss:2)
  An orc warlord (Orc:2)
  A dire elephant (Lair:6)
  A deep elf death mage (Elf:1)
  Harold (Lair:3)
  Fannar (Lair:3)
  8 hydras
  Erica (Lair:2)
  7 death yaks (Lair:6)
  A deep troll shaman (Lair:6)
  Urug (Lair:3)
  An orc high priest (Orc:2)
  2 thrashing horrors (Abyss:2)
  A deep elf knight (Elf:1)
  Nergalle (Orc:2)
  A spatial maelstrom (Abyss:2)
  An unseen horror (D:5)
  2 deep elf archers (Elf:1)
  A hill giant (D:12)
  An oklob plant (Orc:1)
  4 orc knights
  9 deep elf magi (Elf:1)
  2 griffons
  A cyclops (Orc:2)
  2 orc sorcerers (Orc:2)
  2 manticores
  14 elephants
  5 black mambas
  9 spiny frogs
  A smoke demon (Abyss:2)
  A freezing wraith (Abyss:2)
  An emperor scorpion zombie (Abyss:2)
  4 rime drakes
  2 kobold demonologists (D:11)
  7 komodo dragons
  An ancient zyme (Abyss:2)
  A polar bear (Lair:6)
  A hydra zombie (Abyss:2)
  A troll (Orc:1)
  3 meliai (D:12)
  2 two-headed ogres
  6 large abominations (Abyss:2)
  5 slime creatures (D:11)
  6 blink frogs
  2 boulder beetles
  A shadow (D:12)
  3 ynoxinuls (Abyss:2)
  Sigmund (D:5)
  A tarantella (Lair:2)
  A water elemental (Elf:1)
  A wyvern (shapeshifter) (Abyss:2)
  40 yaks
  3 basilisks
  3 wyverns
  A human (D:8)
  A hungry ghost (D:9)
  2 chaos spawn (Abyss:2)
  2 small abominations (Abyss:2)
  A spatial vortex (Abyss:2)
  2 neqoxecs (Abyss:2)
  4 hippogriffs
  3 wargs
  12 water moccasins
  Duvessa (D:7)
  8 porcupines
  A swamp drake (D:12)
  An ice beast (D:5)
  27 orc warriors
  3 phantoms
  3 sky beasts
  5 black bears
  A necrophage (D:8)
  2 wasps
  9 ogres
  17 wolves
  2 centaurs
  15 crocodiles
  16 giant frogs
  4 big kobolds
  A gnoll sergeant (D:11)
  An earth elemental (Elf:1)
  Dowan (D:7)
  A water moccasin skeleton (D:12)
  6 scorpions
  6 killer bees (D:7)
  5 wights (D:7)
  4 howler monkeys
  4 crimson imps
  A quasit (D:11)
  5 centaur zombies
  4 hounds
  24 orc wizards
  3 centaur skeletons
  16 orc priests
  6 jellies
  A giant frog skeleton (D:3)
  A giant frog zombie (D:5)
  8 iguanas
  7 worker ants
  9 sheep
  A hound skeleton (D:5)
  A worker ant zombie (D:9)
  14 gnolls
  19 adders
  51 river rats
  2 shadow imps
  2 oozes
  2 adder skeletons
  6 worms
  A dart slug (D:2)
  7 giant geckos
  69 orcs
  2 ball pythons
  11 bats
  7 giant cockroaches
  5 goblins
  15 hobgoblins
  14 jackals
  30 kobolds
  6 quokkas
  2 giant gecko skeletons
  10 giant newts
  A jackal skeleton (D:7)
  A quokka skeleton (D:9)
  9 rats
  6 fungi
  2 plants (Lair:6)
  A starspawn tentacle (Abyss:2)
735 creatures vanquished.

Vanquished Creatures (collateral kills)
  A catoblepas (Lair:6)
  2 death yaks (Lair:6)
3 creatures vanquished.

Vanquished Creatures (others)
  Sonja (D:12)
  A deep elf archer (Elf:1)
  A cyclops (D:11)
  6 fungi
  8 plants
  2 starspawn tentacles (Abyss:2)
  19 starspawn tentacle segments (Abyss:2)
38 creatures vanquished.

Grand Total: 776 creatures vanquished

Notes
Turn   | Place    | Note
--------------------------------------------------------------
     0 | D:1      | shmeve the Minotaur Berserker began the quest for the Orb.
     0 | D:1      | Reached XP level 1. HP: 19/19 MP: 0/0
    53 | D:1      | Reached XP level 2. HP: 19/27 MP: 1/1
   728 | D:2      | Reached XP level 3. HP: 33/33 MP: 2/2
   781 | D:2      | Reached ** piety under Trog
  1248 | D:2      | Reached XP level 4. HP: 28/41 MP: 3/3
  1622 | D:3      | Reached skill level 5 in Fighting
  1622 | D:3      | Reached skill level 5 in Axes
  1622 | D:3      | Reached XP level 5. HP: 48/48 MP: 4/4
  1741 | D:3      | Found a shimmering altar of Xom.
  2167 | D:3      | Reached *** piety under Trog
  2435 | D:4      | Reached XP level 6. HP: 54/56 MP: 5/5
  2521 | D:4      | Found a glowing drain.
  2549 | Sewer    | Entered a sewer
  2912 | D:4      | Reached **** piety under Trog
  3421 | D:4      | Reached skill level 5 in Shields
  3421 | D:4      | Reached XP level 7. HP: 49/61 MP: 6/6
  3640 | D:4      | Got a faintly glowing ring mail
  3647 | D:4      | Identified the cursed +1 ring mail of the Thirteen Cities {*Drain rF+ Int+4 Dex+2} (You found it on level 4 of the Dungeon)
  3725 | D:4      | Found a bloodstained altar of Trog.
  3822 | D:5      | Entered Level 5 of the Dungeon
  3878 | D:5      | Found a staircase to the Ecumenical Temple.
  3962 | D:5      | Noticed Sigmund
  3979 | D:5      | Killed Sigmund
  4148 | D:5      | Reached XP level 8. HP: 61/70 MP: 7/7
  4225 | D:5      | Found Zin's Purification Station.
  4245 | D:5      | Found a glowing silver altar of Zin.
  4455 | D:5      | Killed an unseen horror
  4455 | D:5      | Reached skill level 5 in Dodging
  4852 | D:5      | Reached skill level 5 in Armour
  4874 | D:5      | Found a sacrificial altar of Ru.
  5116 | D:5      | Found a shattered altar of Ashenzari.
  5257 | D:6      | Reached XP level 9. HP: 71/79 MP: 8/8
  5460 | D:6      | Found a deep blue altar of Sif Muna.
  5513 | D:6      | Found a deep blue altar of Sif Muna.
  5601 | D:6      | Found a stormy altar of Qazlal.
  6024 | D:7      | Found a glowing golden altar of the Shining One.
  6026 | D:7      | Found an oddly glowing altar of Pakellas.
  6026 | D:7      | Found a hide-covered altar of Uskayaw.
  6027 | D:7      | Found a basalt altar of Yredelemnul.
  6027 | D:7      | Found a sparkling altar of Nemelex Xobeh.
  6621 | D:7      | Noticed Duvessa
  6629 | D:7      | Noticed Dowan
  6632 | D:7      | Killed Duvessa
  6635 | D:7      | Killed Dowan
  6640 | D:7      | You fall through a shaft for 2 floors!
  7027 | D:9      | Reached ***** piety under Trog
  7406 | D:8      | Reached XP level 10. HP: 52/91 MP: 9/9
  7774 | D:8      | Found Wiaphefau's Antique Weapon Emporium.
  7778 | D:8      | Bought a bloodstained hand axe for 216 gold pieces
  7778 | D:8      | Identified the +2 hand axe of Eskeow {flame, Str+4} (You bought it in a shop on level 8 of the Dungeon)
  7902 | D:8      | Found a basalt altar of Yredelemnul.
  8109 | D:8      | Found a burning altar of Makhleb.
  8110 | D:8      | Found a radiant altar of Vehumet.
  8350 | D:9      | Found a snail-covered altar of Cheibriados.
  8406 | D:9      | Found a hazy altar of Hepliaklqana.
  8765 | D:9      | Found a staircase to the Lair.
  8924 | Lair:1   | Entered Level 1 of the Lair of Beasts
  8933 | Lair:1   | Reached skill level 10 in Axes
  8976 | Lair:1   | Noticed a black mamba
  8986 | Lair:1   | Killed a black mamba
  9024 | Lair:1   | Reached skill level 10 in Fighting
  9037 | Lair:1   | Reached skill level 10 in Shields
  9053 | Lair:1   | Received a gift from Trog
  9330 | Lair:1   | Noticed an eight-headed hydra
  9340 | Lair:1   | Killed a three-headed hydra
  9516 | Lair:1   | Noticed a spiny frog
  9523 | Lair:1   | Killed a spiny frog
  9523 | Lair:1   | Reached XP level 11. HP: 87/101 MP: 3/10
 10426 | Lair:2   | Noticed an eight-headed hydra
 10436 | Lair:2   | Killed a four-headed hydra
 10437 | Lair:2   | Noticed Erica
 10449 | Lair:2   | Killed Erica
 10799 | Lair:2   | Found a hole to the Spider Nest.
 11651 | Lair:3   | Noticed Urug
 11662 | Lair:3   | Noticed Harold
 11666 | Lair:3   | Killed Urug
 11675 | Lair:3   | Killed Harold
 11734 | Lair:3   | Noticed a five-headed hydra
 11742 | Lair:3   | Killed a two-headed hydra
 11742 | Lair:3   | Reached XP level 12. HP: 97/112 MP: 3/11
 12407 | Lair:3   | Noticed Fannar
 12422 | Lair:3   | Killed Fannar
 12422 | Lair:3   | Reached ****** piety under Trog
 12423 | Lair:3   | Found a radiant altar of Vehumet.
 12877 | Lair:3   | Received a gift from Trog
 13528 | Lair:4   | Found a staircase to the Shoals.
 13584 | Lair:4   | Noticed a seven-headed hydra
 13595 | Lair:4   | Killed a one-headed hydra
 13840 | Lair:4   | Noticed a six-headed hydra
 13851 | Lair:4   | Killed a one-headed hydra
 14041 | Lair:4   | Reached XP level 13. HP: 122/122 MP: 4/12
 14211 | Lair:5   | Found a staircase to the Slime Pits.
 14976 | Lair:6   | Entered Level 6 of the Lair of Beasts
 15285 | Lair:6   | Reached skill level 10 in Armour
 15403 | Lair:6   | Received a gift from Trog
 16024 | Lair:6   | Noticed a dire elephant
 16341 | Lair:6   | Killed a dire elephant
 16341 | Lair:6   | Reached XP level 14. HP: 68/133 MP: 4/13
 16907 | D:10     | Entered Level 10 of the Dungeon
 17295 | D:10     | Reached skill level 1 in Crossbows
 17540 | D:11     | Received a gift from Trog
 17645 | D:11     | Identified a scroll of acquirement
 17648 | D:11     | Got a shimmering crystal plate armour
 17659 | D:11     | Identified the +6 crystal plate armour of Sif Muna's Favour {+Blink Dex+2 Stlth-} (You acquired it on level 11 of the Dungeon)
 17879 | D:11     | Reached skill level 15 in Axes
 18626 | D:12     | Noticed Sonja
 18643 | D:12     | Killed Sonja
 18807 | D:12     | Reached skill level 15 in Shields
 19081 | D:12     | Found a staircase to the Orcish Mines.
 19161 | D:12     | Received a gift from Trog
 19223 | Orc:1    | Entered Level 1 of the Orcish Mines
 19994 | Orc:1    | Reached skill level 15 in Fighting
 20144 | Orc:2    | Entered Level 2 of the Orcish Mines
 20217 | Orc:2    | Noticed an orc warlord
 20239 | Orc:2    | Received a gift from Trog
 20243 | Orc:2    | Noticed Nergalle
 20253 | Orc:2    | Killed an orc warlord
 20260 | Orc:2    | Found a roughly hewn altar of Beogh.
 20266 | Orc:2    | Reached skill level 10 in Dodging
 20269 | Orc:2    | Killed Nergalle
 20313 | Orc:2    | Found Hewuen's General Store.
 20323 | Orc:2    | Found Maixon's Book Shoppe.
 20530 | Orc:2    | Found Haajueh's Antique Weapon Shoppe.
 20553 | Orc:2    | Found a staircase to the Elven Halls.
 20806 | Orc:2    | Found Arasevepni's Antique Armour Shoppe.
 20812 | Orc:2    | Bought a pair of glowing gloves for 121 gold pieces
 20928 | Orc:2    | Found Avoridwo's Distillery.
 20938 | Orc:2    | Bought a potion of heal wounds for 70 gold pieces
 20938 | Orc:2    | Bought a potion of curing for 42 gold pieces
 20938 | Orc:2    | Bought a potion of heal wounds for 70 gold pieces
 20938 | Orc:2    | Bought a potion of agility for 56 gold pieces
 20997 | Elf:1    | Entered Level 1 of the Elven Halls
 21191 | Elf:1    | Received a gift from Trog
 21505 | Elf:1    | Noticed a deep elf sorcerer
 21514 | Elf:1    | Cast into level 2 of the Abyss (a deep elf sorcerer)
 21514 | Abyss:2  | Found a corrupted altar of Lugonu.
 21533 | Elf:1    | Escaped the Abyss
 21559 | Elf:1    | Cast into level 2 of the Abyss (a deep elf sorcerer)
 21684 | Abyss:2  | Noticed a profane servitor
 21707 | Abyss:2  | Killed a profane servitor
 21707 | Abyss:2  | Reached XP level 15. HP: 143/143 MP: 14/14
 21795 | Abyss:2  | Found a hide-covered altar of Uskayaw.
 21795 | Abyss:2  | Found a white marble altar of Elyvilon.
 21795 | Abyss:2  | Found a blossoming altar of Fedhas.
 21795 | Abyss:2  | Found a deep blue altar of Sif Muna.
 21795 | Abyss:2  | Found an oddly glowing altar of Pakellas.
 21795 | Abyss:2  | Found an iron altar of Okawaru.
 21795 | Abyss:2  | Found a radiant altar of Vehumet.
 21795 | Abyss:2  | Found a shimmering altar of Xom.
 21795 | Abyss:2  | Found a bloodstained altar of Trog.
 21795 | Abyss:2  | Found a shadowy altar of Dithmenos.
 21797 | Abyss:2  | Found a sparkling altar of Nemelex Xobeh.
 21797 | Abyss:2  | Found a burning altar of Makhleb.
 21797 | Abyss:2  | Found an ancient bone altar of Kikubaaqudgha.
 21799 | Abyss:2  | Found a shattered altar of Ashenzari.
 21799 | Abyss:2  | Found a glowing golden altar of the Shining One.
 21799 | Abyss:2  | Found a basalt altar of Yredelemnul.
 21799 | Abyss:2  | Found a stormy altar of Qazlal.
 21801 | Abyss:2  | Found a snail-covered altar of Cheibriados.
 21801 | Abyss:2  | Found a glowing silver altar of Zin.
 21801 | Abyss:2  | Found a hazy altar of Hepliaklqana.
 21827 | Abyss:2  | Lost intelligence.
 21833 | Abyss:2  | Found an iron altar of Okawaru.
 21939 | Abyss:2  | Found a burning altar of Makhleb.
 21939 | Abyss:2  | Found an ancient bone altar of Kikubaaqudgha.
 22002 | Abyss:2  | Paralysed by accursed screaming for 2 turns
 22005 | Abyss:2  | Noticed a tentacled starspawn
 22009 | Abyss:2  | Paralysed by accursed screaming for 2 turns
 22025 | Abyss:2  | Killed from afar by a starcursed mass

Vault maps used:
D:1:      dpeg_arrival_rooms_a
D:2:      first_bread
D:3:      old_standard_altar, grunt_decor_mini_mirrors, solitary_fountain,
          minmay_box_of_dots
D:4:      lemuel_crystal_altar, portal_sewer_entry_f
D:5:      nicolae_ru_the_path_less_chosen, zin_purify,
          ashenzari_conservatory_becter, minmay_temple_entry_crystal_x,
          uniq_sigmund
D:6:      grunt_qazlal_clouds, lemuel_crystal_altar, tgw_sif
D:7:      grunt_temple_overflow_open, uniq_duvessa
D:8:      grunt_temple_overflow_lords_of_destruction, basic_altar, serial_shops,
          nicolae_shop_crystal, grunt_livestock, wad_rectangle_vault
D:9:      cheibrodos_worm_habitat, kennysheep_little_box, lair_0_dummy
D:11:     cheibrodos_orc_bank
D:12:     erik_orc_1, uniq_sonja
Lair:1:   serial_bayou_shore_b
Lair:2:   nicolae_spider_entry_non_spiders, uniq_erica
Lair:3:   basic_altar, uniq_urug, uniq_fannar, uniq_harold
Lair:4:   minmay_shoals_entry_beasts
Lair:5:   slime_dummy, infiniplex_staircase_pool, serial_bayou_shore_b
Lair:6:   grunt_lair_end_beastmaster
Orc:1:    mines3_lemuel
Orc:2:    grunt_orc_cross, serial_shops, nicolae_shop_window_shopping
Elf:1:    minmay_elf_arrival_plus, serial_shops,
          nicolae_shop_overgrown_old_shop, evilmike_minifort,
          hangedman_elf_targetted_burst, grunt_megastairs_2, uniq_agnes
Abyss:2:  hangedman_abyss_or_decor_jellyfish_corner, abyss_greek_temple
Sewer:    kennysheep_pipe_town

Skill      XL: |  1  2  3  4  5  6  7  8  9 10 11 12 13 14 15 |
---------------+----------------------------------------------+-----
Axes           | 4 5 6 7 9 10 12 13 14 16 | 16.2
Fighting       | 4 5 6 7 9 10 12 13 14 15 | 15.8
Dodging        | 3 4 5 6 7 8 9 10 | 10.3
Armour         | 3 4 5 6 7 8 9 10 11 | 11.4
Shields        | 5 6 7 9 10 11 13 14 15 16 | 16.0
Crossbows      | 1 |  1.0

Action                   |  1- 3 |  4- 6 |  7- 9 | 10-12 | 13-15 || total
-------------------------+-------+-------+-------+-------+-------++-------
Melee: Hand axe          |    66 |   177 |   335 |   174 |   927 ||  1679
       Headbutt          |     9 |    31 |    84 |   136 |   401 ||   661
       War axe           |       |       |    49 |     7 |       ||    56
       Broad axe         |       |       |       |   382 |   305 ||   687
Invok: Trog's Hand       |       |     1 |     6 |     2 |     3 ||    12
       Burn Spellbooks   |       |       |     1 |     1 |     1 ||     3
       Berserk           |       |       |     6 |     5 |     6 ||    17
       Brothers in Arms  |       |       |       |       |     1 ||     1
  Use: Potion            |       |     1 |     5 |       |     5 ||    11
       Scroll            |       |       |     9 |     1 |    10 ||    20
  Eat: Chunk             |     1 |    13 |    29 |    20 |    30 ||    93
       Royal jelly       |       |       |       |     1 |       ||     1
       Fruit             |       |       |       |       |     8 ||     8
       Pizza             |       |       |       |       |     1 ||     1
Armor: Animal skin       |     7 |       |       |       |       ||     7
       Scale mail        |    13 |    18 |       |       |       ||    31
       Chain mail        |       |    91 |   233 |       |       ||   324
       Plate armour      |       |       |    18 |   232 |   135 ||   385
       Crystal plate arm |       |       |       |       |   255 ||   255
Dodge: Dodged            |    40 |    96 |   107 |   202 |   415 ||   860
Block: Shield            |       |     3 |   216 |   460 |   875 ||  1554
       Reflection        |       |       |       |     1 |    42 ||    43
